 Dungeon Crawl Stone Soup version 0.22.1-2-g9c5b331383 (webtiles) character file.

838 Chr0nify the Destroyer (level 7, -4/37 HPs)
             Began as a Deep Elf Conjurer on Dec 5, 2018.
             Slain by a black bear (9 damage)
             ... on level 6 of the Dungeon.
             The game lasted 00:24:26 (5960 turns).

Chr0nify the Destroyer (Deep Elf Conjurer)          Turns: 5960, Time: 00:24:26

Health: -4/37      AC:  3    Str:  5    XL:     7   Next: 67%
Magic:  17/28      EV: 13    Int: 22    God:
Gold:   41         SH:  0    Dex: 15    Spells: 6/20 levels left

rFire    + . .     SeeInvis .   v - +1 flail of the Mind {holy, Stlth+}
rCold    x . .     Gourm    .   (no shield)
rNeg     . . .     Faith    .   a - +0 robe
rPois    .         Spirit   .   (no helmet)
rElec    .         Reflect  .   (no cloak)
rCorr    .         Harm     .   j - +0 pair of gloves
MR       .....                  (no boots)
Stlth    +++.......             (no amulet)
HPRegen  0.12/turn              y - ring of magical power
MPRegen  0.21/turn              f - ring of fire

@: no status effects
A: no striking features
a: no special abilities


You were on level 6 of the Dungeon.
You were hungry.

You visited 1 branch of the dungeon, and saw 6 of its levels.

You collected 301 gold pieces.
You spent 260 gold pieces at shops.

Inventory:

Hand Weapons
 v - the +1 flail of the Mind (weapon) {holy, Stlth+}
   (You found it on level 4 of the Dungeon)

   It has been blessed by the Shining One to cause great damage to the undead
   and demons.
   It makes you more stealthy.
Armour
 a - a +0 robe (worn)
 j - a +0 pair of gloves (worn)
Magical Staves
 b - an uncursed staff of summoning
 w - an uncursed staff of fire
Jewellery
 d - an uncursed ring of stealth
 f - a ring of fire (right hand)
 m - an uncursed ring of protection from fire
 y - a ring of magical power (left hand)
Scrolls
 l - a scroll of amnesia {unknown}
 n - a scroll of enchant armour {unknown}
 o - a scroll of random uselessness {unknown}
 q - a scroll of immolation {unknown}
 r - 2 scrolls of blinking
 s - 2 scrolls of identify
 t - 2 scrolls of teleportation
 u - a scroll of enchant weapon {unknown}
 x - a scroll of remove curse
Potions
 e - 3 potions of cancellation {unknown}
 g - a potion of degeneration {unknown}
 h - 2 potions of resistance {unknown}
 i - 3 potions of agility {unknown}
 k - a potion of berserk rage
 p - 3 potions of heal wounds {unknown}
 z - a potion of curing {unknown}
Comestibles
 c - 10 rations


   Skills:
 + Level 0.3 Fighting
 + Level 0.1 Staves
 + Level 2.9 Dodging
 + Level 3.5 Stealth
 + Level 7.4 Spellcasting
 + Level 8.0 Conjurations
 + Level 2.1 Hexes


You had 6 spell levels left.
You knew the following spells:

 Your Spells              Type           Power        Failure   Level  Hunger
a - Magic Dart            Conj           ####         1%          1    None
b - Searing Ray           Conj           #####.       1%          2    None
c - Dazzling Spray        Conj/Hex       ####..       3%          3    None
d - Fulminant Prism       Conj/Hex       ####......   10%         4    ###....
e - Iskenderun's Mystic   Conj           #####...     2%          4    ###....

Your spell library contained the following spells:

 Spells                   Type           Power        Failure   Level  Hunger
 Force Lance              Conj/Tloc      ####....     16%         4    ###....


Dungeon Overview and Level Annotations

Branches:
Dungeon (6/15)
 Temple: D:4-7

Altars:
Kikubaaqudgha
Ru
Trog

Shops:
D:5 =


Message History

The black bear barely misses you. The black bear claws you. x2
An orc comes into view.
The searing ray hits the orc warrior.
The orc warrior is lightly wounded.
The black bear bites you! The black bear claws you.
The black bear claws you but does no damage.
The searing ray hits the orc warrior.
The orc warrior is lightly wounded.
The orc warrior hits you from afar with a halberd!
* * * LOW HITPOINT WARNING * * *
The black bear bites you.
* * * LOW HITPOINT WARNING * * *
The black bear claws you.
* * * LOW HITPOINT WARNING * * *
The black bear completely misses you.
The black bear goes berserk!
The orc warrior barely misses you.
There is a stone staircase leading up here.
You can't go down here!
The black bear bites you!
You die...

###.# ..#.#
#.#.# #.#.#
#.#.# #.#.#
##.#.#
#..ho#
#.@#..o)...
##.#.######
.....
####.## .#
.# .#


You could see an orc warrior and a black bear (berserk).

Vanquished Creatures
  3 ogres
  A howler monkey (D:3)
  A crimson imp (D:5)
  A bullfrog skeleton (D:4)
  2 orc priests
  A hound (D:4)
  An iguana (D:5)
  Natasha (D:2)
  An orc wizard (D:5)
  3 worker ants
  A worker ant zombie (D:2)
  Robin (D:3)
  7 adders
  2 oozes
  An adder skeleton (D:4)
  3 worms
  15 dart slugs
  3 leopard geckos
  12 orcs
  6 giant cockroaches
  14 goblins
  8 hobgoblins
  12 jackals
  A quokka (D:3)
  5 bats (D:1)
  5 frilled lizards
  A jackal skeleton (D:4)
  4 kobolds
  6 rats
122 creatures vanquished.

Notes
Turn   | Place    | Note
-------+----------+-------------------------------------------
     0 | D:1      | Chr0nify the Deep Elf Conjurer began the quest for the Orb.
     0 | D:1      | Reached XP level 1. HP: 10/10 MP: 6/6
   154 | D:1      | Reached XP level 2. HP: 11/15 MP: 0/8
   337 | D:1      | Reached skill level 5 in Conjurations
   509 | D:1      | Learned a level 2 spell: Searing Ray
   575 | D:1      | Reached XP level 3. HP: 19/19 MP: 5/9
  1198 | D:2      | Learned a level 3 spell: Dazzling Spray
  1357 | D:2      | Reached XP level 4. HP: 24/24 MP: 2/11
  1586 | D:2      | Noticed Natasha
  1592 | D:2      | Killed Natasha
  2362 | D:3      | Noticed Robin
  2366 | D:3      | Killed Robin
  2366 | D:3      | Reached XP level 5. HP: 22/28 MP: 3/14
  2547 | D:3      | Reached skill level 5 in Spellcasting
  2547 | D:3      | Reached skill level 6 in Conjurations
  3538 | D:4      | Reached XP level 6. HP: 32/32 MP: 11/16
  3761 | D:4      | Learned a level 4 spell: Fulminant Prism
  3766 | D:4      | Learned a level 4 spell: Iskenderun's Mystic Blast
  3984 | D:4      | Got a twisted flail
  4068 | D:4      | Identified the +1 flail of the Mind {holy, Stlth+} (You
                  | found it on level 4 of the Dungeon)
  4340 | D:4      | Reached skill level 7 in Conjurations
  4583 | D:5      | Entered Level 5 of the Dungeon
  4612 | D:5      | Found Caish's Jewellery Shop.
  4945 | D:5      | Reached XP level 7. HP: 36/36 MP: 14/18
  5152 | D:5      | Found a sacrificial altar of Ru.
  5169 | D:5      | Reached skill level 1 in Hexes
  5563 | D:5      | Bought an uncursed ring of magical power for 260 gold
                  | pieces
  5657 | D:5      | Found an ancient bone altar of Kikubaaqudgha.
  5661 | D:5      | Found a bloodstained altar of Trog.
  5665 | D:5      | Reached skill level 8 in Conjurations
  5863 | D:5      | Got a twitching bone ring
  5934 | D:5      | Identified the ring "Beir" {rElec rN+ Str+9 Int-2} (You
                  | found it on level 5 of the Dungeon)
  5960 | D:6      | Slain by a black bear

Skill      XL: |  1  2  3  4  5  6  7 |
---------------+----------------------+-----
Conjurations   | 5 6 7 8 |  8.0
Spellcasting   | 4 5 6 7 |  7.4
Stealth        | 3 |  3.5
Hexes          | 2 |  2.1
Fighting       | |  0.3
Staves         | |  0.1
Dodging        | |  2.9

Action                   |  1- 3 |  4- 6 |  7- 9 || total
-------------------------+-------+-------+-------++-------
Melee: Staff             |       |     1 |       ||     1
       Flail             |       |     1 |     2 ||     3
 Cast: Magic Dart        |    66 |   169 |    39 ||   274
       Searing Ray       |     2 |     7 |     3 ||    12
       Dazzling Spray    |       |     9 |     8 ||    17
       Iskenderun's Myst |       |     1 |     1 ||     2
  Use: Scroll            |     1 |     4 |       ||     5
  Eat: Chunk             |     1 |    12 |     2 ||    15
Armor: Robe              |       |     7 |     4 ||    11
Dodge: Dodged            |    13 |    18 |    14 ||    45
